 Dungeon Sprint DCSS version 0.21.1-1-g345015f (webtiles) character file.

2085 equalderp2856 the Cleaver (level 9, 0/80 (81) HPs)
             Began as a Minotaur Fighter on May 25, 2018.
             Slain by a polar bear (12 damage)
             ... while paralysed
             ... in the Dungeon (Sprint II: "The Violet Keep of Menkaure").
             The game lasted 00:02:21 (860 turns).

equalderp2856 the Cleaver (Minotaur Fighter)         Turns: 860, Time: 00:02:21

HP:   0/80 (81)     AC:  6    Str: 21    XL:     9   Next: 6%
MP:   8/8           EV:  2    Int:  6    God:
Gold: 729           SH:  0    Dex: 12    Spells: 8/8 levels left

rFire    . . .     SeeInvis .   a - +0 war axe
rCold    . . .     Gourm    .   c - +0 shield
rNeg     . . .     Faith    .   b - +0 scale mail
rPois    .         Spirit   .   (helmet restricted)
rElec    .         Reflect  .   (no cloak)
rCorr    .         Harm     .   (no gloves)
MR       .....     NoTele   +   (no boots)
Stlth    ..........             (no amulet)
HPRegen  0.23/turn              (no ring)
MPRegen  0.11/turn              (no ring)

@: paralysed, berserk cooldown, slowed
A: retaliatory headbutt, horns 2, blurry vision 2, deformed body, deterioration
1, frail 1, subdued magic 1, MP-powered wands
a: no special abilities


You were in the Dungeon.
You were not hungry.

You visited 1 branch You collected 729 gold pieces.

Inventory:

Hand Weapons
 a - a +0 war axe (weapon)
Armour
 b - a +0 scale mail (worn)
 c - a +0 shield (worn)
Scrolls
 k - a scroll of blinking
Potions
 d - a potion of might
 e - a potion of curing
 g - a potion of heal wounds
 h - a potion of haste
 i - 2 potions of magic
 l - a potion of flight {unknown}
Comestibles
 f - a ration


   Skills:
 + Level 12.5 Fighting
 + Level 13.0 Axes
 + Level 11.5 Armour
 + Level 3.5 Dodging
 + Level 12.0 Shields


You had 8 spell levels left.
You didn't know any spells.

Dungeon Overview and Level Annotations

Branches:
Dungeon (1/1)

Altars:
Cheibriados
Dithmenos
Elyvilon
Fedhas
Gozag
Hepliaklqana
Kikubaaqudgha
Makhleb
Ru
Sif Muna
Trog
Beogh
Jiyva
Lugonu

Shops:
D =:!=[%:!}!::[(?(

Annotations:
D exclusion: oklob plant, Roxanne


Innate Abilities, Weirdness & Mutations

You reflexively headbutt those who attack you in melee.
You have a pair of horns on your head.
Scrolls take you longer to read.
Armour fits poorly on your strangely shaped body.
Your body sometimes deteriorates upon taking damage.
You are frail. (-10% HP)
Your spells are a little easier to cast, but a little less powerful.
You expend magic power (3 MP) to strengthen your wands.


Message History

Your Dodging skill increases to level 3!
Your Shields skill increases to level 12!
You have reached level 9!
Your experience leads to an increase in your attributes!
Your base attributes are Str 21, Int 5, Dex 12.
Increase (S)trength, (I)ntelligence, or (D)exterity?
You feel clever.
Unknown command.
Unknown command.
Unknown command.
You see here an ice dragon corpse.
You feel a strong urge to attack something.
A polar bear comes into view.
The polar bear growls angrily.
You hear a shout!
There is an open door, spattered with blood here.
You are no longer berserk.
You pass out from exhaustion.
You feel yourself slow down. The polar bear bites you!
You die...

#≈≈§§.≈≈ ## §§≈§ ....
≈#+++#+++## ... ≈.........#
.. ≈≈.##'##..# #.
≈≈##...##.#### +.###
≈≈#..#..#....# #...#
####.).####..#####..#
#.###'###.##..#.@h†.#
.#.##.####.#..#?$#..# #
.##'.<.'.##'..####..##.#
..###.##...#....###...##▓▓▓
#.# #'###.##......≈≈≈≈≈≈≈≈≈
####.#.####≈≈.....≈#+######
≈≈#.. ..#≈≈≈§≈≈≈..≈#....._.
#≈##. .##≈≈≈§≈≈≈≈.≈#...._._
#≈≈##+##≈≈≈§≈§§≈≈≈≈#..._._.


You could see a polar bear.

Vanquished Creatures
  An ice dragon (D)
  A merfolk siren (D)
  4 neqoxecs (D)
  Menkaure (D)
  4 necrophages (D)
  A crocodile (D)
  A scorpion (D)
  3 worms (D)
16 creatures vanquished.

Notes
Turn   | Place    | Note
-------+----------+-------------------------------------------
     0 | D        | equalderp2856 the Minotaur Fighter began the quest for the Orb.
     0 | D        | Reached XP level 1. HP: 19/19 MP: 0/0
     1 | D        | Noticed a merfolk siren
    20 | D        | Killed a merfolk siren
    20 | D        | Reached skill level 6 in Axes
    20 | D        | Reached XP level 2. HP: 26/37 MP: 1/1
    20 | D        | Reached XP level 3. HP: 31/44 MP: 2/2
    20 | D        | Reached XP level 4. HP: 36/50 MP: 3/3
    20 | D        | Reached XP level 5. HP: 41/57 MP: 4/4
    20 | D        | Reached XP level 6. HP: 46/64 MP: 5/5
   122 | D        | Reached skill level 10 in Fighting
   122 | D        | Reached skill level 7 in Axes
   124 | D        | Reached skill level 10 in Armour
   132 | D        | Reached skill level 8 in Axes
   132 | D        | Reached XP level 7. HP: 69/72 MP: 6/6
   140 | D        | Reached skill level 10 in Shields
   147 | D        | Noticed a neqoxec
   149 | D        | Noticed a neqoxec
   154 | D        | Gained mutation: Scrolls take you a little longer to read. [a neqoxec]
   156 | D        | Gained mutation: Armour fits poorly on your strangely shaped body. [a neqoxec]
   158 | D        | Gained mutation: Your body sometimes deteriorates upon taking damage. [a neqoxec]
   166 | D        | Killed a neqoxec
   166 | D        | Reached skill level 9 in Axes
   166 | D        | Reached skill level 1 in Dodging
   167 | D        | Gained mutation: Scrolls take you longer to read. [a neqoxec]
   168 | D        | Gained mutation: You are frail. (-10% HP) [a neqoxec]
   172 | D        | Killed a neqoxec
   174 | D        | Noticed a neqoxec
   177 | D        | Gained mutation: You expend magic power (3 MP) to strengthen your wands. [a neqoxec]
   183 | D        | Killed a neqoxec
   183 | D        | Reached skill level 10 in Axes
   183 | D        | Reached XP level 8. HP: 63/72 MP: 7/7
   184 | D        | Found Loramise's Antique Weapon Emporium.
   184 | D        | Found Xexaf's Antique Weapon Emporium.
   184 | D        | Found Biatoif's Antique Armour Shoppe.
   184 | D        | Found Mutuer Zaci's Magic Scroll Shoppe.
   184 | D        | Found Biumius's Book Emporium.
   188 | D        | Found Niegres's Book Emporium.
   188 | D        | Found Nuebauh's Distillery.
   188 | D        | Found Tarisur's Gadget Emporium.
   188 | D        | Found Ziloc's Distillery.
   189 | D        | Found Tux Dupt's Book Emporium.
   189 | D        | Found Qasuuk's Food Shoppe.
   189 | D        | Found Pampi's Antique Armour Shoppe.
   189 | D        | Noticed a hippogriff
   189 | D        | Noticed a hippogriff
   190 | D        | Found Astrururph's Jewellery Shoppe.
   190 | D        | Found Zudyratu's Distillery.
   190 | D        | Noticed Menkaure
   190 | D        | Noticed a hippogriff
   190 | D        | Noticed an oklob plant
   190 | D        | Noticed a great orb of eyes
   194 | D        | Gained mutation: Your spells are a little easier to cast, but a little less powerful. [a neqoxec]
   213 | D        | Killed Menkaure
   213 | D        | Reached skill level 11 in Axes
   453 | D        | Found Kappynualu's Jewellery Shoppe.
   453 | D        | Found Adoothruo's Book Shoppe.
   458 | D        | Noticed a flying skull
   812 | D        | Noticed Roxanne
   826 | D        | Found a blossoming altar of Fedhas.
   827 | D        | Found a white marble altar of Elyvilon.
   828 | D        | Found a shadowy altar of Dithmenos.
   828 | D        | Found a corrupted altar of Lugonu.
   828 | D        | Found an opulent altar of Gozag.
   828 | D        | Found a burning altar of Makhleb.
   829 | D        | Found a snail-covered altar of Cheibriados.
   829 | D        | Found an ancient bone altar of Kikubaaqudgha.
   829 | D        | Found a bloodstained altar of Trog.
   830 | D        | Found a roughly hewn altar of Beogh.
   830 | D        | Found a viscous altar of Jiyva.
   830 | D        | Found a deep blue altar of Sif Muna.
   831 | D        | Found a hazy altar of Hepliaklqana.
   831 | D        | Found a sacrificial altar of Ru.
   837 | D        | Noticed an ice dragon
   853 | D        | Killed an ice dragon
   853 | D        | Reached skill level 13 in Axes
   853 | D        | Reached XP level 9. HP: 15/80 MP: 8/8
   855 | D        | Noticed a polar bear
   860 | D        | Slain by a polar bear

Skill      XL: |  1  2  3  4  5  6  7  8 |
---------------+-------------------------+-----
Fighting       | 9 10 11 12 | 12.5
Axes           | 6 8 10 13 | 13.0
Armour         | 9 10 11 | 11.5
Shields        | 8 9 10 12 | 12.0
Dodging        | 1 3 |  3.5

Action                   |  1- 3 |  4- 6 |  7- 9 || total
-------------------------+-------+-------+-------++-------
Melee: War axe           |    18 |    17 |    81 ||   116
       Headbutt          |     2 |     4 |    11 ||    17
  Use: Potion            |       |       |     1 ||     1
Armor: Scale mail        |     2 |     4 |     6 ||    12
Dodge: Dodged            |     1 |     3 |    26 ||    30
Block: Shield            |     2 |    10 |    41 ||    53
